 Dungeon Crawl Stone Soup version 0.32-a0-163-g159c032296 (webtiles) character file.

Game seed: 10620713664953607245

5 BubbleThief the Conjurer (level 1, 14/14 HPs)
             Began as a Draconian Conjurer on Feb 11, 2024.
             Quit the game on level 1 of the Dungeon.
             The game lasted 00:00:27 (125 turns).

BubbleThief the Conjurer (Draconian Conjurer)        Turns: 125, Time: 00:00:27

Health: 14/14      AC:  4    Str:  9    XL:     1   Next: 66%
Magic:  0/3        EV: 12    Int: 18    God:
Gold:   9          SH:  0    Dex:  9    Spells: 3/4 levels left

rFire   . . .        (no weapon)
rCold   . . .        (no shield)
rNeg    . . .        (body armour unavailable)
rPois   .            (helmet restricted)
rElec   .            (no cloak)
rCorr   .            (no gloves)
SInv    .            (no boots)
Will    .....        (no amulet)
Stlth   ++           (no ring)
HPRegen 0.22/turn    (no ring)
MPRegen 0.08/turn

%: no passive effects
@: no status effects
A: AC +4, unfitting armour, cold-blooded
a: no special abilities


You were on level 1 of the Dungeon.
You visited 1 branch of the dungeon, and saw 1 of its levels.

You collected 9 gold pieces.

Inventory:

Potions
 a - a potion of magic


   Skills:
 + Level 1.9 Dodging
 + Level 2.0 Stealth
 + Level 2.1 Spellcasting
 + Level 4.0 Conjurations


You had 3 spell levels left.
You knew the following spells:

 Your Spells              Type           Power      Damage    Failure   Level
a - Magic Dart            Conj           64%        1d6       3%          1

Your spell library contained the following spells:

 Spells                   Type           Power      Damage    Failure   Level
 Searing Ray              Conj           32%        2d5       4%          2
 Fulminant Prism          Conj/Alch      4%         3d5       61%         4
 Iskenderun's Mystic Bla  Conj/Tloc      9%         2d4       61%         4


Dungeon Overview and Level Annotations

Branches:
Dungeon (1/15)

Altars:


Innate Abilities, Weirdness & Mutations

Your plain brown scales are hard. (AC +4)
You cannot fit into any form of body armour.
You are cold-blooded and may be slowed by cold attacks.


Message History

The endoplasm freezes you.
You are frozen.
You hit the endoplasm.
You kill the endoplasm!
HP restored.
Magic restored.
A rat comes into view.
Found an escape hatch in the floor.
You see here 9 gold pieces.
A rat is nearby!
Aiming: Magic Dart (safe; 3% risk of failure)
Press: ? - help, Q - select action Shift-Dir - straight line, f - rat
Aim: a rat (asleep, 100% to hit)
The magic dart hits the rat.
You kill the rat!
Unknown command.
You now have 9 gold pieces.
A hobgoblin comes into view.
The hobgoblin shouts!
A hobgoblin is nearby!
Aiming: Magic Dart (safe; 3% risk of failure)
Press: ? - help, Q - select action Shift-Dir - straight line, f - hobgoblin
Aim: a hobgoblin (100% to hit)
The magic dart hits the hobgoblin.
The hobgoblin is heavily wounded.
A rat comes into view.
Aiming: Magic Dart (safe; 3% risk of failure)
Press: ? - help, Q - select action Shift-Dir - straight line, f/p - hobgoblin
Aim: a hobgoblin (heavily wounded, 100% to hit)
The magic dart hits the hobgoblin.
You kill the hobgoblin!
The rat squeaks loudly.
Aiming: Magic Dart (safe; 3% risk of failure)
Press: ? - help, Q - select action Shift-Dir - straight line, f - rat
Aim: a rat (100% to hit)
The magic dart hits the rat.
You kill the rat!
A rat comes into view.
Your Stealth skill increases to level 2!
Are you sure you want to abandon this character and quit the game? (Confirm with "yes".)

..#.##..............##
........####.########
>...#... #.#
###..#.#.. #.########
.......##.##........#
#....##...#######.#
#....####.........#
##r#.......##..####..#
.†.....@...........>.#
#.##.#$.##...#.####..#
♣ #..####.#... ..#
#..# ..#......... ♣..#
.###.#.#...### ♣.....
#†..# ..# ♣#### #...#
..# #.. . ...


You could see a rat (wandering).

Vanquished Creatures
  An endoplasm (D:1)
  2 hobgoblins (D:1)
  2 rats (D:1)
5 creatures vanquished.

Notes
Turn   | Place    | Note
-------+----------+-------------------------------------------
     0 | D:1      | BubbleThief the Draconian Conjurer began the quest for the
                  | Orb.
     0 | D:1      | Reached XP level 1. HP: 14/14 MP: 3/3
   125 | D:1      | Quit the game

Illustrated notes

Levels and vault maps discovered:
D:1:      lightli_arrival_flooded_house, layout_basic,
          shapermc_ecumenical_altar_totnotflames

Skill      XL: |  1 |
---------------+----+-----
Stealth        | 2 |  2.0
Dodging        | |  1.9
Spellcasting   | |  2.1
Conjurations   | |  4.0

Action                     || total
---------------------------++-------
  Melee: Unarmed           ||     5
   Cast: Magic Dart        ||     8
 Armour: Skin              ||     1
  Dodge: Dodged            ||     2

Table legend: (Time is in decaauts)
 A = Elapsed time spent in this place.
 B = Non-inter-level travel time spent in this place.
 C = Inter-level travel time spent in this place.
 D = Time resting spent in this place.
 E = Time spent auto-exploring this place.
 F = Levels seen in this place.
 G = Mean time per level.
                   A        B        C        D        E       F      G
               +--------+--------+--------+--------+--------+-----+--------+
         Total |    125 |    125 |      0 |      0 |     97 |   1 |  125.0 |
       Dungeon |    125 |    125 |      0 |      0 |     97 |   1 |  125.0 |
               +--------+--------+--------+--------+--------+-----+--------+

Top non-repeatable levels by time:
     D:1: 125 daAuts
